 Dungeon Crawl Stone Soup version 0.29.0-13-gc9e81de378 (webtiles) character file.

Game seed: 9241643819458376635

245 Arum the Grave Robber (level 5, -14/35 HPs)
             Began as a Mummy Necromancer on Sept 9, 2022.
             Killed from afar by a crimson imp (16 damage)
             ... with a bolt of light
             ... on level 4 of the Dungeon.
             The game lasted 00:06:44 (3885 turns).

Arum the Grave Robber (Mummy Necromancer)           Turns: 3885, Time: 00:06:44

Health: -14/35     AC:  6    Str: 11    XL:     5   Next: 84%
Magic:  22/22      EV: 12    Int: 17    God:
Gold:   29         SH:  0    Dex: 12    Spells: 7/15 levels left

rFire   x . .      SeeInvis .   p - +1 dagger (chaos)
rCold   + . .      Faith    .   (no shield)
rNeg    + + +      Spirit   .   a - +0 robe
rPois   ∞          Reflect  .   (no helmet)
rElec   .          Harm     .   (no cloak)
rCorr   .          Rampage  .   (no gloves)
Will    .....                   (no boots)
Stlth   ++........              (no amulet)
HPRegen 0.11/turn               r - ring of magical power
MPRegen 0.18/turn               k - +4 ring of protection

@: no status effects
A: cold resistance 1, negative energy resistance 3, torment resistance 2, heat
vulnerability 1, in touch with death 1, no potions
a: no special abilities


You were on level 4 of the Dungeon.
You visited 1 branch of the dungeon, and saw 4 of its levels.

You collected 101 gold pieces.
You spent 72 gold pieces at shops.

Inventory:

Hand Weapons
 c - a +0 whip
 o - a +4 short sword of venom
 p - a +1 dagger of chaos (weapon)
Armour
 a - a +0 robe (worn)
 h - a +0 tower shield
Magical Staves
 e - a staff of fire
Jewellery
 d - a ring of resist corrosion
 j - a +4 ring of evasion
 k - a +4 ring of protection (right hand)
 q - a ring of protection from cold
 r - a ring of magical power (left hand)
Wands
 n - a wand of polymorph (7)
Scrolls
 b - a scroll of noise
 f - 3 scrolls of amnesia
 g - a scroll of vulnerability
 l - 2 scrolls of magic mapping {unknown}
 m - 2 scrolls of teleportation


   Skills:
 - Level 1.5 Dodging
 - Level 1.5 Stealth
 + Level 5.6 Spellcasting
 + Level 5.8 Necromancy


You had 7 spell levels left.
You knew the following spells:

 Your Spells              Type           Power      Damage    Failure   Level
a - Necrotise             Necr           100%       1d9       1%          1
b - Animate Dead          Necr           36%        N/A       12%         4
c - Vampiric Draining     Necr           36%        2d8       3%          3

Your spell library contained the following spells:

 Spells                   Type           Power      Damage    Failure   Level
 Sting                    Tmut/Pois      16%        1d3       14%         1
 Agony                    Necr           36%        N/A       34%         5


Dungeon Overview and Level Annotations

Branches:
Dungeon (4/15)
 Temple: D:4-7

Altars:
Dithmenos
Makhleb
Okawaru
Xom

Shops:
D:3 =   D:4 ?


Innate Abilities, Weirdness & Mutations

You are immune to poison.
Your flesh is cold resistant. (rC+)
You are immune to negative energy. (rN+++)
You are immune to unholy pain and torment.
You are vulnerable to heat. (rF-)
You are in touch with the powers of death.
You do not drink.


Message History

The crimson imp hits you but does no damage.
You miss the crimson imp.
The crimson imp is lightly wounded.
The crimson imp blinks!
You enter the shallow water.
Moving in this stuff is going to be slow.
Your unstable footing causes you to fumble your attack.
The crimson imp zaps a wand.
The bolt of light hits you!
You are confused.
The crimson imp hits you.
You are too confused!
You are too confused!
You are too confused!
You are too confused!
Your +4 short sword of venom stops dripping with poison.
Your +1 dagger of chaos is briefly surrounded by a scintillating aura of random colours.
p - a +1 dagger of chaos (weapon)
You feel less confused. The crimson imp completely misses you.
The crimson imp misses you.
You hit the crimson imp.
The crimson imp is lightly wounded.
The crimson imp blinks!
You start resting.
A crimson imp is nearby!
The crimson imp zaps a wand.
The bolt of light hits you!!
You are confused.
Ouch! That really hurt!
* * * LOW HITPOINT WARNING * * *
You feel less confused.
There is an open door here.
You swap places.
There is an entrance to Tiusus's Magic Scroll Shop here.
The crimson imp hits your dart slug zombie.
There is an open door here.
Your dart slug zombie bites the crimson imp but does no damage.
The crimson imp zaps a wand.
The bolt of light hits your dart slug zombie!
Your dart slug zombie is destroyed!
The bolt of light hits you!
You die...

## ### ......# #..##.#
####..##.# #......#.#
#+# #)###..#.# #.#
#.~~~~~..# #.#
#.5###~#.# ##<##
#..'∩'@..# ##...######
##~###~### #.....#....
#~~~~~.######...##....
####........!.........
#...###########...!
##### #.... #####


You could see a crimson imp.

Vanquished Creatures
  2 crimson imps (D:4)
  Jessica (D:2)
  Terence (D:3)
  5 adders
  2 dart slugs
  5 orcs (D:3)
  8 endoplasms
  4 giant cockroaches
  3 goblins
  5 hobgoblins
  9 kobolds
  6 quokkas
  6 ball pythons
  4 bats
  7 rats
68 creatures vanquished.

Vanquished Creatures (collateral kills)
  A bat (D:2)
1 creature vanquished.

Vanquished Creatures (others)
  A dart slug zombie (D:4)
  11 fungi
  6 plants (D:2)
18 creatures vanquished.

Grand Total: 87 creatures vanquished

Notes
Turn   | Place    | Note
-------+----------+-------------------------------------------
     0 | D:1      | Arum the Mummy Necromancer began the quest for the Orb.
     0 | D:1      | Reached XP level 1. HP: 13/13 MP: 4/4
   250 | D:1      | Reached XP level 2. HP: 19/19 MP: 4/6
   867 | D:2      | Noticed Jessica
   869 | D:2      | Killed Jessica
   870 | D:2      | Gained mutation: You are in touch with the powers of death.
                  | [Mummy growth]
   870 | D:2      | Reached XP level 3. HP: 24/24 MP: 4/8
  1018 | D:2      | Reached XP level 4. HP: 30/30 MP: 0/10
  1274 | D:2      | Learned a level 4 spell: Animate Dead
  1278 | D:2      | Learned a level 3 spell: Vampiric Draining
  1614 | D:2      | Found a faded altar of an unknown god.
  1622 | D:2      | Reached skill level 5 in Necromancy
  1652 | D:2      | Got Plato's Meditations on the Assassin
  1819 | D:3      | Found an iron altar of Okawaru.
  1950 | D:3      | Found a burning altar of Makhleb.
  2194 | D:3      | Found a shadowy altar of Dithmenos.
  2360 | D:3      | Noticed Terence
  2363 | D:3      | Killed Terence
  2447 | D:3      | Found Beum's Jewellery Shoppe.
  2555 | D:3      | Reached XP level 5. HP: 35/35 MP: 7/12
  2559 | D:3      | Reached skill level 5 in Spellcasting
  3336 | D:4      | Found a shimmering altar of Xom.
  3854 | D:4      | Found Tiusus's Magic Scroll Shop.
  3857 | D:4      | Bought a scroll of amnesia for 48 gold pieces
  3857 | D:4      | Bought a scroll of identify for 24 gold pieces
  3885 | D:4      | Killed from afar by a crimson imp

Illustrated notes

Levels and vault maps discovered:
D:1:      saegor_arrival_miasma, layout_basic
D:2:      layout_loops_ring, shapermc_ecumenical_altar_rom_forum,
          corner_web_ring, uniq_jessica
D:3:      layout_loops_corners, lightli_temple_of_fire,
          mainiacjoe_overflow_surrounded_room, kennysheep_okawaru_gauntlet,
          serial_shops, shop, roderic_roman_lattice, uniq_terence
D:4:      layout_loops_corners, led_xom_imps, minmay_temple_entry_glassed_door,
          serial_shops, kennysheep_mini_moat, dreamdust_mushroom_princess

Skill      XL: |  1  2  3  4  5 |
---------------+----------------+-----
Spellcasting   | 3 4 5 |  5.6
Necromancy     | 5 |  5.8
Dodging        | |  1.5
Stealth        | |  1.5

Action                   |  1- 3 |  4- 6 || total
-------------------------+-------+-------++-------
Melee: Short sword       |       |    27 ||    27
       Dagger            |       |     4 ||     4
 Cast: Necrotise         |    47 |    59 ||   106
       Vampiric Draining |       |     2 ||     2
       Animate Dead      |       |     4 ||     4
  Use: Scroll            |       |     3 ||     3
 Stab: Sleeping          |       |     1 ||     1
Armor: Robe              |     1 |     6 ||     7
Dodge: Dodged            |     5 |    24 ||    29
